[ AOE2 MATCH · #505826640 ]
UnrankedMapuche vs Magyars
Player's team · LOSS
Rival team · WIN
[ REPLAY ANALYSIS · EXTRACTED FROM THE RECORDED GAME ]
Feudal
10:05
Castle
13:48
Imperial
—
| APM avg | 59.2 |
| APM peak | 113 |
| eAPM avg | 26.8 |
| Villagers / military | 21 / 5 |
Focus
⚔️ 43.4% · 🌾 56.6%
Bolas Rider ×3 · Spearman ×2
Feudal
9:00
Castle
—
Imperial
—
| APM avg | 52.1 |
| APM peak | 75 |
| eAPM avg | 19.7 |
| Villagers / military | 33 / 4 |
Focus
⚔️ 27.2% · 🌾 72.8%
Scout Cavalry ×4
Match map
Initial resources + every placement click. Lines = walls · curves = elevation contours. ◆ gold · ⬟ stone · ● berries · ✦ relic · ◌ wall gap
Your base· Open — unwalled flank
ITA | MarknighT's base· Open — 9t gap
Smoothed initial terrain · ◌ = detected wall gap · hover for details
Inputs per minute
— [CL] Davidlk1412 - - ITA | MarknighT
Build order — [CL] Davidlk1412
67 actions detected in the replay
| 0:00 | Create | Villager (Male) |
| 0:01 | Create | Villager (Male) |
| 0:02 | Build | House |
| 0:03 | Build | House |
| 0:12 | Create | Villager (Male) |
| 0:13 | Create | Villager (Male) |
| 1:27 | Create | Villager (Male) |
| 1:59 | Create | Villager (Male) |
| 2:01 | Create | Villager (Male) |
| 2:47 | Build | Settlement |
| 2:54 | Create | Villager (Male) |
| 2:54 | Create | Villager (Male) |
| 3:40 | Create | Villager (Male) |
| 3:41 | Create | Villager (Male) |
| 4:00 | Create | Villager (Male) |
| 4:04 | Create | Villager (Male) |
| 4:24 | Create | Villager (Male) |
| 5:04 | Create | Villager (Male) |
| 5:34 | Build | Settlement |
| 5:36 | Create | Villager (Male) |
| 6:40 | Create | Villager (Male) |
| 6:44 | Build | Settlement |
| 7:02 | Create | Villager (Male) |
| 7:07 | Research | Loom |
| 7:37 | Research | Feudal Age |
| 8:08 | Build | Palisade Wall |
| 8:08 | Build | Palisade Wall |
| 8:10 | Build | Palisade Wall |
| 8:16 | Build | Palisade Wall |
| 8:19 | Build | Palisade Wall |
| 8:26 | Create | Villager (Male) |
| 8:27 | Create | Villager (Male) |
| 8:43 | Build | Palisade Wall |
| 8:47 | Build | Palisade Wall |
| 8:48 | Build | Palisade Wall |
| 8:54 | Build | Palisade Wall |
| 8:54 | Build | Palisade Wall |
| 9:04 | Build | Palisade Wall |
| 9:09 | Build | Palisade Wall |
| 9:34 | Build | Palisade Wall |
| 9:41 | Build | Palisade Wall |
| 9:42 | Build | Palisade Wall |
| 10:02 | Build | Palisade Wall |
| 10:04 | Build | Palisade Wall |
| 10:05 | Age | Feudal Age |
| 10:09 | Build | Blacksmith |
| 10:11 | Build | Market |
| 10:21 | Build | Palisade Wall |
| 11:02 | Build | Barracks |
| 11:05 | Build | Palisade Wall |
| 11:07 | Build | Palisade Wall |
| 11:08 | Research | Castle Age |
| 11:31 | Build | Farm |
| 11:50 | Build | Farm |
| 12:09 | Build | Palisade Wall |
| 12:15 | Build | Palisade Wall |
| 12:42 | Build | Archery Range |
| 13:05 | Build | Watch Tower |
| 13:44 | Create | Villager (Male) |
| 13:45 | Build | Archery Range |
| 13:48 | Age | Castle Age |
| 13:50 | Create | Bolas Rider |
| 13:51 | Create | Bolas Rider |
| 13:57 | Build | Palisade Wall |
| 14:13 | Create | Bolas Rider |
| 14:19 | Create | Spearman |
| 14:23 | Create | Spearman |
Build order — ITA | MarknighT
79 actions detected in the replay
| 0:03 | Create | Villager (Male) |
| 0:04 | Build | House |
| 0:06 | Build | House |
| 0:24 | Create | Villager (Male) |
| 0:30 | Create | Villager (Male) |
| 0:30 | Create | Villager (Male) |
| 1:26 | Create | Villager (Male) |
| 1:55 | Build | Lumber Camp |
| 2:02 | Create | Villager (Male) |
| 2:02 | Create | Villager (Male) |
| 2:25 | Create | Villager (Male) |
| 2:48 | Create | Villager (Male) |
| 2:48 | Create | Villager (Male) |
| 2:53 | Build | House |
| 2:57 | Build | House |
| 3:13 | Create | Villager (Male) |
| 3:13 | Create | Villager (Male) |
| 3:47 | Create | Villager (Male) |
| 3:48 | Create | Villager (Male) |
| 4:07 | Create | Villager (Male) |
| 4:30 | Create | Villager (Male) |
| 4:30 | Create | Villager (Male) |
| 4:59 | Create | Villager (Male) |
| 5:12 | Build | Mill |
| 5:20 | Create | Villager (Male) |
| 5:42 | Research | Loom |
| 5:42 | Research | Loom |
| 6:22 | Create | Villager (Male) |
| 6:50 | Research | Feudal Age |
| 6:50 | Research | Feudal Age |
| 7:21 | Build | Barracks |
| 7:28 | Build | House |
| 8:05 | Create | Villager (Male) |
| 8:06 | Create | Villager (Male) |
| 8:16 | Build | Palisade Wall |
| 8:43 | Build | Palisade Wall |
| 8:45 | Build | Palisade Wall |
| 9:00 | Age | Feudal Age |
| 9:08 | Build | Stable |
| 9:15 | Create | Villager (Male) |
| 9:29 | Create | Villager (Male) |
| 9:31 | Research | Double-Bit Axe |
| 9:34 | Build | Palisade Wall |
| 9:39 | Build | House |
| 9:41 | Build | Farm |
| 9:50 | Create | Scout Cavalry |
| 9:50 | Create | Scout Cavalry |
| 9:55 | Build | Farm |
| 10:10 | Build | Palisade Wall |
| 10:27 | Create | Scout Cavalry |
| 10:35 | Create | Villager (Male) |
| 10:52 | Build | Mining Camp |
| 11:01 | Create | Scout Cavalry |
| 11:13 | Create | Villager (Male) |
| 11:17 | Build | Farm |
| 11:20 | Build | Farm |
| 11:43 | Build | Farm |
| 11:43 | Create | Villager (Male) |
| 11:43 | Create | Villager (Male) |
| 11:48 | Build | Palisade Wall |
| 11:53 | Build | Palisade Wall |
| 11:56 | Build | Palisade Wall |
| 12:06 | Build | Watch Tower |
| 12:14 | Build | Farm |
| 12:16 | Build | Farm |
| 12:16 | Build | Farm |
| 12:29 | Create | Villager (Male) |
| 12:40 | Build | House |
| 12:50 | Build | Watch Tower |
| 12:55 | Build | Watch Tower |
| 13:05 | Build | Watch Tower |
| 13:10 | Create | Villager (Male) |
| 13:22 | Build | Palisade Wall |
| 13:23 | Build | Palisade Wall |
| 13:25 | Build | Palisade Wall |
| 13:29 | Create | Villager (Male) |
| 13:38 | Build | Farm |
| 14:10 | Create | Villager (Male) |
| 14:43 | Create | Villager (Male) |
Match timeline
| 7:21 | ITA | MarknighT · first_building Barracks |
| 8:08 | [CL] Davidlk1412 · wall_segment Palisade Wall x1 |
| 8:08 | [CL] Davidlk1412 · wall_segment Palisade Wall x1 |
| 8:10 | [CL] Davidlk1412 · wall_segment Palisade Wall x1 |
| 8:16 | ITA | MarknighT · wall_segment Palisade Wall x2 |
| 8:16 | [CL] Davidlk1412 · wall_segment Palisade Wall x1 |
| 8:19 | [CL] Davidlk1412 · wall_segment Palisade Wall x1 |
| 8:43 | [CL] Davidlk1412 · wall_segment Palisade Wall x2 |
| 8:43 | ITA | MarknighT · wall_segment Palisade Wall x1 |
| 8:45 | ITA | MarknighT · wall_segment Palisade Wall x4 |
| 8:47 | [CL] Davidlk1412 · wall_segment Palisade Wall x1 |
| 8:48 | [CL] Davidlk1412 · wall_segment Palisade Wall x1 |
| 8:54 | [CL] Davidlk1412 · wall_segment Palisade Wall x1 |
| 8:54 | [CL] Davidlk1412 · wall_segment Palisade Wall x1 |
| 9:00 | ITA | MarknighT · age_up feudal |
| 9:04 | [CL] Davidlk1412 · wall_segment Palisade Wall x1 |
| 9:08 | ITA | MarknighT · first_building Stable |
| 9:09 | [CL] Davidlk1412 · wall_segment Palisade Wall x1 |
| 9:34 | ITA | MarknighT · wall_segment Palisade Wall x4 |
| 9:34 | [CL] Davidlk1412 · wall_segment Palisade Wall x1 |
| 9:41 | [CL] Davidlk1412 · wall_segment Palisade Wall x1 |
| 9:42 | [CL] Davidlk1412 · wall_segment Palisade Wall x1 |
| 10:02 | [CL] Davidlk1412 · wall_segment Palisade Wall x1 |
| 10:04 | [CL] Davidlk1412 · wall_segment Palisade Wall x1 |
| 10:05 | [CL] Davidlk1412 · age_up feudal |
| 10:10 | ITA | MarknighT · wall_segment Palisade Wall x13 |
| 10:21 | [CL] Davidlk1412 · wall_segment Palisade Wall x1 |
| 11:02 | [CL] Davidlk1412 · first_building Barracks |
| 11:05 | [CL] Davidlk1412 · wall_segment Palisade Wall x1 |
| 11:07 | [CL] Davidlk1412 · wall_segment Palisade Wall x1 |
| 11:48 | ITA | MarknighT · wall_segment Palisade Wall x1 |
| 11:53 | ITA | MarknighT · wall_segment Palisade Wall x4 |
| 11:56 | ITA | MarknighT · wall_segment Palisade Wall x3 |
| 12:09 | [CL] Davidlk1412 · wall_segment Palisade Wall x2 |
| 12:15 | [CL] Davidlk1412 · wall_segment Palisade Wall x1 |
| 12:42 | [CL] Davidlk1412 · first_building Archery Range |
| 13:22 | ITA | MarknighT · wall_segment Palisade Wall x1 |
| 13:23 | ITA | MarknighT · wall_segment Palisade Wall x1 |
| 13:25 | ITA | MarknighT · wall_segment Palisade Wall x6 |
| 13:48 | [CL] Davidlk1412 · age_up castle |
| 13:57 | [CL] Davidlk1412 · wall_segment Palisade Wall x1 |
| 14:48 | [CL] Davidlk1412 · resign |
[ AI ANALYSIS · 1 CREDIT ]
What really happened in this match?
Wolo.gg analyzes every decision: build order, eco, micro, common mistakes by bracket. Personalized analysis on WhatsApp or Discord in 30 seconds.
Civ guide
Mapuche
Perfil
Jugador #12087177